 Dungeon Crawl Stone Soup version 0.28-a0-691-gad6df49e81 (webtiles) character file.

Game seed: 6275956386990997473

36 Demosthentine the Poker (level 3, -1/28 HPs)
             Began as a Merfolk Gladiator on Oct 23, 2021.
             Slain by an adder (3 damage)
             ... on level 3 of the Dungeon.
             The game lasted 00:01:01 (1457 turns).

Demosthentine the Poker (Merfolk Gladiator)         Turns: 1457, Time: 00:01:01

Health: -1/28      AC:  4    Str: 15    XL:     3   Next: 37%
Magic:  3/3        EV: 13    Int:  7    God:
Gold:   55         SH:  0    Dex: 15    Spells: 2/2 levels left

rFire   . . .      SeeInvis +   a - +0 trident
rCold   . . .      Faith    .   (no shield)
rNeg    . . .      Spirit   .   b - +0 leather armour
rPois   .          Reflect  .   c - +0 helmet
rElec   .          Harm     .   (no cloak)
rCorr   .          Rampage  .   (no gloves)
Will    .....                   (no boots)
Stlth   +.........              (no amulet)
HPRegen 0.09/turn               h - ring of see invisible
MPRegen 0.08/turn               (no ring)

@: flying
A: (nimble swimmer 2), mertail
a: no special abilities


You were on level 3 of the Dungeon.
You visited 1 branch of the dungeon, and saw 3 of its levels.

You collected 55 gold pieces.

Inventory:

Hand Weapons
 a - a +0 trident (weapon)
Missiles
 d - 3 throwing nets (quivered)
Armour
 b - a +0 leather armour (worn)
 c - a +0 helmet (worn)
Jewellery
 h - a ring of see invisible (left hand)
Wands
 e - a wand of charming (10)
Scrolls
 j - a scroll of identify {unknown}
Potions
 i - a potion of attraction {unknown}


   Skills:
 + Level 2.7 Fighting
 + Level 4.9 Polearms
 - Level 2.0 Throwing
 + Level 0.9 Armour
 + Level 4.5 Dodging


You had 2 spell levels left.
You didn't know any spells.
Your spell library contained the following spells:

 Spells                   Type           Power      Damage    Failure   Level
 Apportation              Tloc           0%         N/A       50%         1
 Shock                    Conj/Air       0%         1d3       50%         1
 Swiftness                Air            0%         N/A       86%         3
 Airstrike                Air            0%         N/A       99%         4
 Alistair's Intoxication  Tmut/Pois      0%         N/A       100%        5
 Invisibility             Hex            0%         N/A       100%        6


Dungeon Overview and Level Annotations

Branches:
Dungeon (3/15)

Altars:


Innate Abilities, Weirdness & Mutations

((You are quick and stealthy near water. (Stealth+, EV+, Speed+++)))
Your lower body shifts to a powerful aquatic tail in water.


Message History

Unknown command.
The adder bites you but does no damage. The gnoll hits you with a +0 spear.
The gnoll hits you from afar with a +0 spear.
The gnoll closely misses you. The adder bites you.
* * * LOW HITPOINT WARNING * * *
You are lethally poisoned!
The adder poisons you!
Found 5 boomerangs and 16 bolts.
* * * LOW HITPOINT WARNING * * *
You feel sick.
The gnoll hits you from afar with a +0 spear.
* * * LOW HITPOINT WARNING * * *
The gnoll misses you. The adder bites you.
* * * LOW HITPOINT WARNING * * *
The bat barely misses you.
It was a potion of curing.
You feel better. The bat misses you.
The gnoll hits you from afar with a +0 spear.
* * * LOW HITPOINT WARNING * * *
The adder barely misses you.
The gnoll hits you from afar with a +0 spear.
* * * LOW HITPOINT WARNING * * *
The gnoll barely misses you. The bat hits you but does no damage.
The gnoll misses you. The gnoll barely misses you.
The adder bites you but does no damage.
Unknown command.
The gnoll closely misses you. The gnoll completely misses you.
Unknown command.
The bat hits you but does no damage. x2; The gnoll closely misses you.
The bat hits you but does no damage.
Unknown command.
The adder bites you.
* * * LOW HITPOINT WARNING * * *
The bat misses you. The bat hits you but does no damage.
You are too injured to fight recklessly!
You are too injured to fight recklessly!
It was a potion of flight.
You feel very buoyant.
You fly up into the air.
The bat barely misses you. x3; The adder bites you.
You die...

........... #### #.#.....#
##.........## ......####.#.....#
#.......##..##..####....#.#.....#
....................###.........#
.........##.#######.............#
.........##...# ######..........#
.........####.# #...............#
.........####.###...............#
........o..ggg.b@............####
........g######S............<#
.....)...# ###............#
.........# ##############
.........# .((......# #.......##
#.....#


You could see 3 gnolls, an adder and a bat.

Vanquished Creatures
  An adder (D:2)
  A dart slug (D:2)
  2 endoplasms
  3 giant cockroaches (D:1)
  4 goblins
  A hobgoblin (D:1)
  A kobold (D:1)
  A quokka (D:2)
  A ball python (D:1)
  A bat (D:1)
  A frilled lizard (D:2)
  9 rats
26 creatures vanquished.

Notes
Turn   | Place    | Note
-------+----------+-------------------------------------------
     0 | D:1      | Demosthentine the Merfolk Gladiator began the quest for the
                  | Orb.
     0 | D:1      | Reached XP level 1. HP: 16/16 MP: 1/1
   156 | D:1      | Found a faded altar of an unknown god.
   219 | D:1      | Reached XP level 2. HP: 20/23 MP: 2/2
  1010 | D:2      | Reached XP level 3. HP: 19/28 MP: 3/3
  1457 | D:3      | Slain by an adder

Illustrated notes

Levels and vault maps discovered:
D:1:      saegor_arrival_simple_a, layout_basic,
          hellmonk_ecumenical_altar_prayer_group, minmay_rat_gold_closets
D:2:      layout_rooms, grunt_ministairs_6, dk_noncrumbling_3,
          minmay_crystal_room, hangedman_decor_lopped
D:3:      layout_rooms

Action                   || total
-------------------------++-------
Melee: Trident           ||    58
  Use: Scroll            ||     2
       Potion            ||     2
 Stab: Sleeping          ||     4
Armor: Leather armour    ||    15
Dodge: Dodged            ||    36

Table legend: (Time is in decaauts)
 A = Elapsed time spent in this place.
 B = Non-inter-level travel time spent in this place.
 C = Inter-level travel time spent in this place.
 D = Time resting spent in this place.
 E = Time spent auto-exploring this place.
 F = Levels seen in this place.
 G = Mean time per level.
                   A        B        C        D        E       F      G
               +--------+--------+--------+--------+--------+-----+--------+
         Total |   1459 |   1459 |      0 |      0 |   1270 |   3 |  486.3 |
       Dungeon |   1459 |   1459 |      0 |      0 |   1270 |   3 |  486.3 |
               +--------+--------+--------+--------+--------+-----+--------+

Top non-repeatable levels by time:
     D:1: 918 daAuts
     D:2: 474 daAuts
     D:3: 67 daAuts
